 Dungeon Crawl Stone Soup version 0.30.1-4-g462c640d31 (webtiles) character file.

Game seed: 2528669903991292128

504 Babbit the Shield-Bearer (level 6, -6/53 HPs)
             Began as a Minotaur Fighter on Sept 7, 2023.
             Mangled by an ogre
             ... wielding a +0 giant spiked club
              (27 damage)
             ... on level 4 of the Dungeon.
             The game lasted 00:11:40 (3538 turns).

Babbit the Shield-Bearer (Minotaur Fighter)         Turns: 3538, Time: 00:11:40

Health: -6/53      AC: 13    Str: 22    XL:     6   Next: 96%
Magic:  5/5        EV: 12    Int:  5    God:
Gold:   230        SH: 13    Dex: 10    Spells: 5/5 levels left

rFire   . . .        a - +0 war axe
rCold   . . .        m - +0 tower shield
rNeg    . . .        b - +0 scale mail
rPois   .            (helmet restricted)
rElec   .            v - +0 cloak
rCorr   .            p - +0 pair of gloves
SInv    .            (no boots)
Will    .....        (no amulet) Stlth
                     e - +5 ring of evasion
HPRegen 0.28/turn    i - +4 ring of protection
MPRegen 0.09/turn

%: no passive effects
@: no status effects
A: horns 2, retaliatory headbutt
a: no special abilities


You were on level 4 of the Dungeon.
You visited 1 branch of the dungeon, and saw 4 of its levels.

You collected 230 gold pieces.

Inventory:

Hand Weapons
 a - a +0 war axe (weapon)
 s - a +2 dagger of flaming
Missiles
 z - a silver boomerang (quivered)
Armour
 b - a +0 scale mail (worn)
 m - a +0 tower shield (worn)
 p - a +0 pair of gloves (worn)
 v - a +0 cloak (worn)
Jewellery
 e - a +5 ring of evasion (left hand)
 i - a +4 ring of protection (right hand)
 l - a ring of flight
 t - a ring of protection from fire
Wands
 c - a wand of roots (11)
Scrolls
 f - a scroll of teleportation {unknown}
 h - a scroll of magic mapping {unknown}
 j - a scroll of brand weapon {unknown}
 o - 2 scrolls of vulnerability {unknown}
 q - a scroll of enchant weapon {unknown}
 r - 2 scrolls of poison {unknown}
 w - a scroll of torment {unknown}
 y - a scroll of silence {unknown}
Potions
 d - a potion of might
 g - 2 potions of lignification
 k - a potion of haste
 n - a potion of flight
 u - a potion of heal wounds
 x - a potion of ambrosia
 A - a potion of brilliance {unknown}


   Skills:
 + Level 4.5 Fighting
 + Level 5.4 Axes
 + Level 5.4 Armour
 + Level 1.6 Dodging
 + Level 0.8 Stealth
 + Level 5.7 Shields


You had 5 spell levels left.
You didn't know any spells.
Your spell library contained the following spells:

 Spells                   Type           Power      Damage    Failure   Level
 Dazzling Flash           Conj/Hex       0%         N/A       100%        3
 Inner Flame              Hex/Fire       0%         N/A       100%        3
 Volatile Blastmotes      Fire/Tloc      0%         2d10      100%        3
 Flame Wave               Conj/Fire      0%         2d4       100%        4
 Iskenderun's Mystic Bla  Conj/Tloc      0%         2d3       100%        4
 Sticky Flame             Conj/Fire      0%         2d3       100%        4
 Starburst                Conj/Fire      0%         6d3       100%        6


Dungeon Overview and Level Annotations

Branches:
Dungeon (4/15)
 Temple: D:4-7

Altars:
Sif Muna


Innate Abilities, Weirdness & Mutations

You have a pair of horns on your head.
You reflexively headbutt those who attack you in melee.


Message History

You slash the adder! You headbutt the adder.
You kill the adder!
You now have 218 gold pieces (gained 7).
Found a rapier.
You see here an adder corpse.
f - a scroll labelled XOBLYISYI
n - a white potion
c - 2 scrolls of identify (gained 1)
Found a stone staircase leading down.
As you read the scroll of identify, it crumbles to dust.
n - a potion of flight
As you read the scroll of identify, it crumbles to dust.
x - a potion of ambrosia
Found 2 stones.
You now have 230 gold pieces (gained 12).
c - a wand of roots (11)
r - 2 scrolls labelled MAUSKE TOAGE (gained 1)
t - a ring of protection from fire
There are no items here.
Found a ring mail.
Found a stone staircase leading up.
An ogre comes into view. It is wielding a +0 giant spiked club.
The ogre shouts!
You hit the ogre.
The ogre is moderately wounded.
The ogre misses you. You furiously retaliate!
You headbutt the ogre. You hit the ogre.
The ogre is moderately wounded.
You block the ogre's attack.
You slash the ogre!
The ogre is severely wounded.
The ogre hits you with a +0 giant spiked club!!
You hit the ogre. You headbutt the ogre.
The ogre is almost dead.
The ogre hits you with a +0 giant spiked club!
You hit the ogre but do no damage.
The ogre is almost dead.
The ogre hits you with a +0 giant spiked club!!
Ouch! That really hurt!
You die...

#.# #. ..## #.## ...## .######
#$.###### ######.... ......
#...... #....#....
#.#..####.....# #..[.#....
###..........##.#####....#....
..............................
.
............O@......<....#....
..
.###.........########....#....
#.. ##....)...# ######.###
#..#####........# #.#
.......#...<..#.# #.#
#.......#.......###### #.#
..........†..........#
#####.###
#.......####.....†.####........
#......>.###...................


You could see an ogre.

Vanquished Creatures
  Grinder (D:3)
  A scorpion (D:2)
  The ghost of rddays123 the Caller, a weakling FeSu (D:3)
  Crazy Yiuf (D:2)
  2 orc wizards (D:3)
  Robin (D:1)
  5 adders
  A worm (D:4)
  A dart slug (D:2)
  10 orcs (D:3)
  5 ball pythons
  3 bats
  An endoplasm (D:3)
  4 giant cockroaches
  13 goblins
  6 hobgoblins
  3 jackals (D:3)
  2 quokkas (D:1)
  3 frilled lizards
  6 kobolds
  6 rats
76 creatures vanquished.

Notes
Turn   | Place    | Note
-------+----------+-------------------------------------------
     0 | D:1      | Babbit the Minotaur Fighter began the quest for the Orb.
     0 | D:1      | Reached XP level 1. HP: 19/19 MP: 0/0
   147 | D:1      | Reached XP level 2. HP: 25/27 MP: 1/1
   350 | D:1      | Found a faded altar of an unknown god.
  1404 | D:2      | Noticed Robin
  1407 | D:2      | Reached XP level 3. HP: 33/33 MP: 2/2
  1416 | D:1      | Killed Robin
  1870 | D:2      | Found a runed translucent door.
  1871 | D:2      | Noticed Crazy Yiuf
  1881 | D:2      | Killed Crazy Yiuf
  1882 | D:2      | Reached XP level 4. HP: 22/40 MP: 3/3
  2280 | D:3      | Found a shimmering blue altar of Sif Muna.
  2320 | D:3      | Noticed a scorpion
  2343 | D:2      | Killed a scorpion
  2344 | D:2      | Reached XP level 5. HP: 44/46 MP: 4/4
  2839 | D:3      | Reached skill level 5 in Armour
  2839 | D:3      | Reached skill level 1 in Dodging
  3011 | D:3      | Reached skill level 5 in Shields
  3029 | D:3      | Found a runed translucent gate.
  3029 | D:3      | Found a runed translucent gate.
  3029 | D:3      | Found a runed translucent gate.
  3029 | D:3      | Noticed rddays123's ghost (weakling FeSu)
  3042 | D:3      | Killed rddays123's ghost
  3043 | D:3      | Reached XP level 6. HP: 49/53 MP: 5/5
  3080 | D:3      | Noticed Grinder
  3088 | D:3      | Killed Grinder
  3089 | D:3      | Reached skill level 5 in Axes
  3538 | D:4      | Mangled by an ogre

Illustrated notes

Levels and vault maps discovered:
D:1:      reono_arrival_mine, layout_loops_ring,
          hellmonk_ecumenical_altar_heavens_door,
          amcnicky_mini_corridor_feature, serial_park_tiny_2
D:2:      layout_loops_corners, minmay_pentomino_o4, uniq_crazy_yiuf_cottage,
          uniq_robin
D:3:      layout_basic, mainiacjoe_overflow_concentric_impassable,
          ebering_ghost_rock_garden, minivault_24, serial_park_tiny_1,
          chequers_garden, uniq_grinder
D:4:      layout_rooms, uniq_blork_the_orc

Skill      XL: |  1  2  3  4  5  6 |
---------------+-------------------+-----
Shields        | 4 5 |  5.7
Axes           | 3 4 5 |  5.4
Armour         | 4 5 |  5.4
Fighting       | 4 |  4.5
Dodging        | 1 |  1.6
Stealth        | |  0.8

Action                     |  1- 3 |  4- 6 || total
---------------------------+-------+-------++-------
  Melee: War axe           |    67 |   134 ||   201
         Headbutt          |     7 |    14 ||    21
    Use: Scroll            |       |     8 ||     8
 Armour: Scale mail        |    25 |    71 ||    96
  Dodge: Dodged            |    30 |    55 ||    85
  Block: Buckler           |    12 |       ||    12
         Tower shield      |    20 |    99 ||   119
